 Dungeon Crawl Stone Soup version 0.30-b1-2-g02819fbbbe (webtiles) character file.

Game seed: 2316121960271344468

721 raph the Chopper (level 7, -6/76 (90) HPs)
             Began as a Hill Orc Reaver on Dec 17, 2023.
             Was an Initiate of Beogh.
             Mangled by Maggie
             ... wielding a +0 glaive of flaming
              (12 damage)
             ... on level 6 of the Dungeon.
             The game lasted 00:07:41 (6832 turns).

raph the Chopper (Hill Orc Reaver)                  Turns: 6832, Time: 00:07:42

HP:   -6/76 (90)    AC: 23    Str: 15    XL:     7   Next: 71%
MP:   11/11         EV:  2    Int: 13    God:    Beogh [......]
Gold: 309           SH:  0    Dex: 11    Spells: 8/11 levels left

rFire   . . .        l - +0 war axe
rCold   . . .        (no shield)
rNeg    . . .        b - melded +0 leather armour
rPois   +            u - melded +1 hat
rElec   .            m - melded +1 cloak
rCorr   .            (gloves currently unavailable)
SInv    .            (boots currently unavailable)
Will    .....        (no amulet)
Stlth   +            (no ring)
HPRegen 0.32/turn    (no ring)
MPRegen 0.12/turn

%: no passive effects
@: confused, tree-form, mesmerised, heavily drained
A: stationary, stasis, torment immunity, boosted hp
a: Renounce Religion


You were on level 6 of the Dungeon.
You worshipped Beogh.
Beogh was noncommittal.
You were a tree.
You visited 1 branch of the dungeon, and saw 6 of its levels.

You collected 309 gold pieces.

Inventory:

Hand Weapons
 a - a +0 heavy hand axe
 l - a +0 war axe (weapon)
 r - a +1 heavy hand axe
Missiles
 d - 4 javelins
 f - 4 atropa-tipped darts
 k - 3 poisoned darts
 q - a throwing net
Armour
 b - a +0 leather armour (melded)
 m - a +1 cloak (melded)
 u - a +1 hat (melded)
 v - a +0 tower shield
Wands
 e - a wand of iceblast (25)
 o - a wand of polymorph (13)
 s - a wand of digging (8)
Scrolls
 i - 4 scrolls of immolation
Potions
 g - a potion of magic
 n - a potion of attraction {unknown}
 p - 2 potions of degeneration {unknown}


   Skills:
 + Level 4.7 Fighting
 * Level 7.5 Axes
 + Level 3.0 Dodging
 + Level 2.9 Spellcasting
 + Level 4.4 Conjurations


You had 8 spell levels left.
You knew the following spells:

 Your Spells              Type           Power      Damage    Failure   Level
a - Kiss of Death         Conj/Necr      28%        2d7       10%         1
b - Momentum Strike       Conj/Tloc      14%        3d8       14%         2

Your spell library contained the following spells:

 Spells                   Type           Power      Damage    Failure   Level
 Hailstorm                Conj/Ice       7%         3d4       28%         3


Dungeon Overview and Level Annotations

Branches:
Dungeon (6/15)             Temple (0/1) D:6

Altars:
Ashenzari
Gozag
Kikubaaqudgha
Vehumet
Wu Jian

Portals:
Abyss: D:4

Annotations:
D:4 2 transporters, Scuka's ghost, amateur DrCj
D:6 Maggie


Message History

Okay, then.
Found 2 stones.
You now have 309 gold pieces (gained 11).
c - a scroll labelled RUNWUFRIONAPP
As you read the scroll labelled RUNWUFRIONAPP, it crumbles to dust.
Your body is wracked with pain!
It was a scroll of torment.
HP restored.
Found a +0 short sword and a +0 dagger.
Found a long sword and a club.
Found a spear.
Maggie and a hound come into view.
Maggie is wielding a +0 glaive of flaming and carrying a wand of light (9).
Maggie shouts!
You hear an angry hiss.
The hound barks!
Maggie gives herself a magical halo, but it quickly sputters out.
Maggie hits you with a +0 glaive of flaming!
Maggie burns you.
You completely miss Maggie.
Maggie zaps a wand.
The bolt of light hits you!
You are confused.
Maggie attacks as you move away!
Maggie hits you with a +0 glaive of flaming.
Maggie burns you.
Maggie mumbles some strange words.
Maggie attempts to bespell you! You resist with almost no effort.
You feel less confused. The hound barely misses you.
Maggie gestures wildly while chanting.
Maggie attempts to bespell you!
You are mesmerised by Maggie!
You closely miss Maggie. You barely miss the hound.
The hound bites you but does no damage.
Maggie zaps a wand.
The bolt of light hits you!
You are confused.
* * * LOW HITPOINT WARNING * * *
The hound closely misses you.
It was a potion of lignification.
You turn into a tree.
Your +1 cloak melds into your body.
Your +1 hat melds into your body.
Your +0 leather armour melds into your body.
Your roots penetrate the ground.
The hound bites you but does no damage.
Maggie hits you with a +0 glaive of flaming!
You die...

..#. ##.. #
.#.###..# ..
.......####
...#.........#
.............
......S....#
#....@#h.# #. ###
##♣.# .
.##..###..## .)
#..##.#..## #.
#.##....## . #)#
#..#...##
.###.###..#..##
.....)#...).##
...........#######
........##........


You could see Maggie (mesmerising), a water moccasin and a hound.

Vanquished Creatures
  A water moccasin (D:3)
  An ice beast (D:6)
  2 ogres
  2 howler monkeys (D:6)
  2 hounds (D:5)
  A jelly (D:6)
  An iguana (D:3)
  An orc wizard (D:5)
  5 adders
  A shadow imp (D:6)
  4 dart slugs
  2 orcs (D:5)
  2 endoplasms
  A giant cockroach (D:4)
  11 goblins
  7 hobgoblins
  3 kobolds
  A quokka (D:2)
  4 ball pythons
  4 bats
  5 frilled lizards
  5 rats
66 creatures vanquished.

Vanquished Creatures (others)
  A gnoll bouda (D:6)
  2 orc wizards
  4 gnolls (D:6)
  An orc (D:6)
  8 plants (D:5)
16 creatures vanquished.

Grand Total: 82 creatures vanquished

Notes
Turn   | Place    | Note
-------+----------+-------------------------------------------
     0 | D:1      | raph the Hill Orc Reaver began the quest for the Orb.
     0 | D:1      | Reached XP level 1. HP: 18/18 MP: 3/3
   485 | D:1      | Reached XP level 2. HP: 11/25 MP: 4/4
  1193 | D:1      | Reached XP level 3. HP: 29/30 MP: 5/5
  1765 | D:2      | Reached skill level 5 in Axes
  1765 | D:2      | Reached XP level 4. HP: 32/38 MP: 6/6
  1797 | D:2      | You fall into a shaft and drop 2 floors!
  1812 | D:4      | Found a broken altar of Ashenzari.
  2099 | D:2      | Found a faded altar of an unknown god.
  2186 | D:2      | Found an ornate altar of the Wu Jian Council.
  2216 | D:2      | Learned a level 2 spell: Momentum Strike
  2790 | D:3      | Found a radiant altar of Vehumet.
  3281 | D:3      | Noticed a water moccasin
  3289 | D:3      | Killed a water moccasin
  3290 | D:3      | Reached skill level 6 in Axes
  3290 | D:3      | Reached XP level 5. HP: 17/46 MP: 6/8
  3541 | D:4      | Found a transporter.
  3565 | D:4      | Noticed an ogre
  3573 | D:4      | Killed an ogre
  3574 | D:4      | Reached XP level 6. HP: 16/52 MP: 7/9
  3834 | D:4      | Noticed Scuka's ghost (amateur DrCj)
  3835 | D:4      | Found a one-way gate to the infinite horrors of the Abyss.
  3866 | D:4      | Found a transporter.
  3866 | D:4      | Noticed a small abomination
  3878 | D:4      | Found the ring of the Tortoise {AC+8}
  4120 | D:5      | Entered Level 5 of the Dungeon
  4538 | D:5      | Reached XP level 7. HP: 22/44 MP: 7/10
  5109 | D:5      | Found an ancient bone altar of Kikubaaqudgha.
  5498 | D:6      | Found a staircase to the Ecumenical Temple.
  5513 | D:6      | Reached skill level 7 in Axes
  6114 | D:6      | Found an opulent altar of Gozag.
  6117 | D:6      | Became a worshipper of Beogh the Brigand
  6826 | D:6      | Noticed Maggie
  6832 | D:6      | Mangled by Maggie

Illustrated notes

Levels and vault maps discovered:
D:1:      dpeg_arrival_houses_and_road, layout_basic, serial_forest,
          infiniplex_forest_diagonal, infiniplex_forest_lined_3,
          infiniplex_forest_zigzag_1, infiniplex_forest_lined_1,
          infiniplex_forest_lined_corner, infiniplex_forest_end_2,
          infiniplex_forest_clump_cross, minmay_3d_cube
D:2:      layout_basic, shapermc_ecumenical_altar_ellora, basic_altar
D:3:      layout_basic, overflow_temple_1_default
D:4:      layout_cave_pools, ashenzari_altar_1, gammafunk_ghost_abyssal_escape
D:5:      layout_loops_corners, general_overflow_altar, serial_bayou,
          serial_bayou_pond_e, serial_bayou_crossing, serial_bayou_lake_a,
          serial_bayou_pond_c, serial_bayou_pond_c, minmay_misc_feat_roman,
          minmay_ogre_servants
D:6:      layout_layer_cave, dreamdust_divine_triumvirate,
          nicolae_gozag_cash_rules_everything_around_me,
          minmay_temple_entry_crystal_x, serial_shops,
          nicolae_shop_rolling_square, uniq_maggie, uniq_duvessa

Skill      XL: |  1  2  3  4  5  6  7 |
---------------+----------------------+-----
Fighting       | 3 4 |  4.7
Axes           | 5 6 7 |  7.5
Dodging        | 2 3 |  3.0
Spellcasting   | 2 |  2.9
Conjurations   | 4 |  4.4

Action                     |  1- 3 |  4- 6 |  7- 9 || total
---------------------------+-------+-------+-------++-------
  Melee: Hand axe          |   142 |    61 |       ||   203
         Punch             |     1 |       |     1 ||     2
         War axe           |       |    18 |    67 ||    85
   Cast: Kiss of Death     |       |     5 |     1 ||     6
         Momentum Strike   |       |     1 |       ||     1
 Invoke: Convert to Beogh  |       |       |     1 ||     1
    Use: Scroll            |       |     9 |     3 ||    12
         Potion            |       |     2 |     4 ||     6
 Armour: Leather armour    |    49 |    22 |    34 ||   105
         Skin              |       |       |     1 ||     1
  Dodge: Dodged            |    90 |    44 |    58 ||   192
